 Dungeon Crawl Stone Soup version 0.26-a0-576-gcfaa98f945 (webtiles) character file.

Game seed: 5243367393343411381

37 ANON1729 the Sneak (level 3, -12/33 HPs)
             Began as a Minotaur Delver on Aug 22, 2020.
             Mangled by a two-headed ogre
             ... wielding a cursed +0 giant club
              (18 damage)
             ... on level 5 of the Dungeon.
             The game lasted 00:01:05 (232 turns).

ANON1729 the Sneak (Minotaur Delver)                 Turns: 232, Time: 00:01:06

Health: -12/33     AC:  3    Str: 17    XL:     3   Next: 21%
Magic:  2/2        EV: 12    Int:  7    God:
Gold:   19         SH:  0    Dex: 11    Spells: 2/2 levels left

rFire    . . .     SeeInvis .   a - +0 falchion
rCold    . . .     Faith    .   (no shield)
rNeg     . . .     Spirit   .   b - +0 leather armour
rPois    .         Reflect  .   (helmet restricted)
rElec    .         Harm     .   (no cloak)
rCorr    .                      (no gloves)
MR       .....                  (no boots)
Stlth    ++........             (no amulet)
HPRegen  0.11/turn              (no ring)
MPRegen  0.08/turn              (no ring)

@: no status effects
A: retaliatory headbutt, horns 2
a: no special abilities


You were on level 5 of the Dungeon.
You visited 1 branch of the dungeon, and saw 1 of its levels.

You collected 19 gold pieces.

Inventory:

Hand Weapons
 a - a +0 falchion (weapon)
Armour
 b - a +0 leather armour (worn)
Wands
 g - a wand of digging (3)
Scrolls
 c - a scroll of fog
 d - a scroll of magic mapping
 e - a scroll of fear
 h - 3 scrolls of identify {unknown}
 i - a scroll of enchant armour {unknown}
Potions
 f - a potion of haste


   Skills:
 + Level 4.1 Fighting
 + Level 3.0 Long Blades
 + Level 2.7 Dodging
 + Level 4.3 Stealth


You had 2 spell levels left.
You didn't know any spells.
Your spell library was empty.

Dungeon Overview and Level Annotations

Branches:
Dungeon (5/15)
 Temple: D:4-7

Altars:


Innate Abilities, Weirdness & Mutations

You reflexively headbutt those who attack you in melee.
You have a pair of horns on your head.


Message History

You hit the two-headed ogre but do no damage.
The white imp gestures at you. The puff of frost hits you!
The white imp gestures at you. The puff of frost hits you!
You see here a war axe.
The white imp gestures at you. The puff of frost misses you.
Found a stone staircase leading up.
The white imp shouts, "Get thee gone, thou churlish toenail-biting skainsmate!"
There is a stone staircase leading up here.
Found a scroll labeled RELI USCHOREUHI.
There is a stone staircase leading up here.
The white imp shouts, "Crawl home, thou horrid fat-kidneyed swadder!"
There is a stone staircase leading up here.
The two-headed ogre hits you with a cursed +0 giant club!
* * * LOW HITPOINT WARNING * * *
The two-headed ogre hits you with a +0 giant club!!
Ouch! That really hurt!
You die...

...........
.#.........#
#.#?....... #.#.......
#
#..##....#############
#....................
#....................
#..............#....#
##...@##########5....#
##.....O...# ##....##
#..........## ##....##
#............###....##
.............5#.....#
.............#.....##
...........##.....##
.........###.....##
#.....##..#......#


You could see a two-headed ogre and a white imp.

Vanquished Creatures
  A bullfrog zombie (D:5)
  A leopard gecko (D:5)
  An orc (D:5)
  2 jackals (D:5)
5 creatures vanquished.

Notes
Turn   | Place    | Note
-------+----------+-------------------------------------------
     0 | D:5      | ANON1729 the Minotaur Delver began the quest for the Orb.
     0 | D:5      | Reached XP level 1. HP: 19/19 MP: 0/0
    49 | D:5      | Reached XP level 2. HP: 18/27 MP: 1/1
    49 | D:5      | Reached XP level 3. HP: 22/33 MP: 2/2
   137 | D:5      | Noticed a two-headed ogre
   232 | D:5      | Mangled by a two-headed ogre

Illustrated notes

Levels and vault maps discovered:
D:5:      layout_cave_pods, minmay_temple_entry_statues_pillars, uniq_edmund,
          uniq_duvessa

Skill      XL: |  1 |
---------------+----+-----
Fighting       | 4 |  4.1
Long Blades    | 3 |  3.0
Dodging        | |  2.7
Stealth        | |  4.3

Action                   || total
-------------------------++-------
Melee: Falchion          ||     9
       Headbutt          ||     3
Armor: Leather armour    ||     1
Dodge: Dodged            ||     6
       Rpst.: Falchion   ||     3

Table legend: (Time is in decaauts)
 A = Elapsed time spent in this place.
 B = Non-inter-level travel time spent in this place.
 C = Inter-level travel time spent in this place.
 D = Time resting spent in this place.
 E = Time spent auto-exploring this place.
 F = Levels seen in this place.
 G = Mean time per level.
                   A        B        C        D        E       F      G
               +--------+--------+--------+--------+--------+-----+--------+
         Total |    233 |    233 |      0 |      0 |    121 |   1 |  233.0 |
       Dungeon |    233 |    233 |      0 |      0 |    121 |   1 |  233.0 |
               +--------+--------+--------+--------+--------+-----+--------+

Top non-repeatable levels by time:
     D:5: 233 daAuts
